 Dungeon Sprint DCSS version 0.24.0-41-g2ae2f7f1be (webtiles) character file.

Game seed: 9676091118307172690, levelgen mode: deterministic

2215 Groucho the Fighter (level 9, -5/93 HPs)
             Began as a Naga Fighter on Dec 15, 2019.
             Was the Champion of Cheibriados.
             Slain by a komodo dragon (20 damage)
             ... in the Dungeon (Sprint IX: "|||||||||||||||||||||||||||||").
             The game lasted 00:03:12 (1385 turns).

Groucho the Fighter (Naga Fighter)                  Turns: 1385, Time: 00:03:13

Health: -5/93      AC: 11    Str: 34    XL:     9   Next: 35%
Magic:  15/15      EV:  7    Int: 23    God:    Cheibriados [******]
Gold:   14         SH: 14    Dex: 29    Spells: 8/8 levels left

rFire    . . .     SeeInvis +   p - +3 war axe (freeze)
rCold    . . .     Gourm    .   c - +0 shield
rNeg     . . .     Faith    .   o - +1 chain mail
rPois    +         Spirit   .   (no helmet)
rElec    .         Reflect  .   (no cloak)
rCorr    .         Harm     .   (no gloves)
MR       +....     NoTele   +   (no barding)
Stlth    ..........             (no amulet)
HPRegen  0.25/turn              (no ring)
MPRegen  0.14/turn              (no ring)

@: very slightly contaminated, starving, very slow
A: large, see invisible, deformed body, poison resistance, slowness 2, slow
metabolism 1, spit poison 1, AC +3
a: Spit Poison, Bend Time, Temporal Distortion, Slouch, Step From Time, Renounce
Religion


You were in the Dungeon.
You worshipped Cheibriados.
Cheibriados was exalted by your worship.
You were starving.

You visited 1 branch You collected 14 gold pieces.

Inventory:

Hand Weapons
 b - a +2 morningstar of protection
 p - a +3 war axe of freezing (weapon)
Armour
 c - a +0 shield (worn)
 o - a +1 chain mail (worn)
Jewellery
 m - a +3 ring of dexterity
 n - a +3 ring of intelligence
Wands
 l - a wand of acid (10)
Scrolls
 a - a scroll of fear
 f - 2 scrolls of identify
 h - 3 scrolls of remove curse
 j - 2 scrolls of amnesia
 q - 4 scrolls of enchant armour
Potions
 d - a potion of invisibility
 e - 5 potions of curing
 g - 5 potions of heal wounds
 i - 4 potions of magic


   Skills:
 + Level 10.1 Fighting
 + Level 9.9 Axes
 + Level 8.6 Armour
 + Level 8.6 Shields
 + Level 8.7 Invocations


You had 8 spell levels left.
You didn't know any spells.
Your spell library was empty.

Dungeon Overview and Level Annotations

Branches:
Dungeon (1/1)

Altars:
Cheibriados
Dithmenos
Elyvilon
Fedhas
Gozag
Hepliaklqana
Kikubaaqudgha
Makhleb
Nemelex Xobeh
Okawaru
Qazlal
Ru
Sif Muna
Trog
Uskayaw
Vehumet
Wu Jian
Xom
Yredelemnul
Zin
The Shining One
Beogh
Jiyva
Lugonu


Innate Abilities, Weirdness & Mutations

You cannot wear boots.
Your serpentine skin is tough. (AC +3)
You have supernaturally acute eyesight. (SInv)
Armour fits poorly on your strangely shaped body.
Your system is resistant to poisons. (rPois)
You cover ground very slowly.
You have a slow metabolism.
You can spit poison.


Message History

That item cannot be evoked!
You're too hungry.
Unknown command.
Unknown command.
You're too hungry.
There are monsters nearby!
Okay, then.
You hit the bullfrog but do no damage. You slash the spiny frog!
You freeze the spiny frog. You block the spiny frog's attack.
The bullfrog hits you.
* * * LOW HITPOINT WARNING * * *
The spiny frog stings you!
* * * LOW HITPOINT WARNING * * *
A crocodile comes into view.
Unknown command.
Blink to where?
Press: ? - help, Dir - move target cursor
As you read the scroll of blinking, it crumbles to dust.
The komodo dragon bites you!!
You die...

▓▓▓▓▓▓▓▓▓▓▓▓▓▓▓▓▓▓▓▓▓▓▓▓▓▓▓▓▓▓▓▓
.'!.!.!))......†@lr.SlFF§'SlhhSt
▓▓▓▓▓▓▓▓▓▓▓▓▓▓▓▓▓▓▓▓▓▓▓▓▓▓▓▓▓▓▓▓▓
.................................
▓▓▓▓▓▓▓▓▓▓▓▓▓▓▓▓▓▓▓▓▓▓▓▓▓▓▓▓▓▓▓▓▓
....).....'______________________
▓▓▓▓▓▓▓▓▓▓▓▓▓▓▓▓▓▓▓▓▓▓▓▓▓▓▓▓▓▓▓▓▓


You could see a komodo dragon, a spiny frog, a water moccasin, a wyvern, a
bullfrog and a porcupine.

Vanquished Creatures
  A gargoyle (D)
  2 spiny frogs (D)
  A hippogriff (D)
  A wraith (D)
  A wyvern (D)
  A shadow (D)
  A hungry ghost (D)
  2 water moccasins (D)
  An ice beast (D)
  An ogre (D)
  A crimson imp (D)
  3 hounds (D)
  An iguana (D)
  A worker ant (D)
  An adder skeleton (D)
  A ball python (D)
  A quokka (D)
  2 goblins (D)
  2 kobolds (D)
  A quokka zombie (D)
26 creatures vanquished.

Notes
Turn   | Place    | Note
-------+----------+-------------------------------------------
     0 | D        | Groucho the Naga Fighter began the quest for the Orb.
     0 | D        | Reached XP level 1. HP: 21/21 MP: 1/1
   120 | D        | Noticed a crimson imp
   120 | D        | Noticed an iguana
   120 | D        | Noticed a hound
   120 | D        | Noticed an ogre
   125 | D        | Killed a crimson imp
   125 | D        | Reached skill level 4 in Fighting
   125 | D        | Reached XP level 2. HP: 27/31 MP: 2/2
   125 | D        | Reached XP level 3. HP: 32/37 MP: 3/3
   128 | D        | Reached XP level 4. HP: 45/45 MP: 4/4
   149 | D        | Reached skill level 5 in Fighting
   155 | D        | Killed an ogre
   155 | D        | Reached skill level 6 in Fighting
   155 | D        | Reached skill level 5 in Axes
   155 | D        | Reached skill level 5 in Armour
   155 | D        | Reached skill level 5 in Shields
   155 | D        | Reached XP level 5. HP: 6/55 MP: 5/5
   163 | D        | Found a roughly hewn altar of Beogh.
   163 | D        | Found a snail-covered altar of Cheibriados.
   163 | D        | Found a shadowy altar of Dithmenos.
   163 | D        | Found a white marble altar of Elyvilon.
   163 | D        | Found a blossoming altar of Fedhas.
   163 | D        | Found an opulent altar of Gozag.
   164 | D        | Found a hazy altar of Hepliaklqana.
   165 | D        | Found a viscous altar of Jiyva.
   166 | D        | Found an ancient bone altar of Kikubaaqudgha.
   167 | D        | Became a worshipper of Cheibriados the Contemplative
   168 | D        | Found a corrupted altar of Lugonu.
   169 | D        | Found a burning altar of Makhleb.
   170 | D        | Found a sparkling altar of Nemelex Xobeh.
   171 | D        | Found an iron altar of Okawaru.
   172 | D        | Found a stormy altar of Qazlal.
   173 | D        | Found a sacrificial altar of Ru.
   174 | D        | Found a shimmering blue altar of Sif Muna.
   175 | D        | Found a bloodstained altar of Trog.
   176 | D        | Found a hide-covered altar of Uskayaw.
   177 | D        | Found a radiant altar of Vehumet.
   178 | D        | Found an ornate altar of the Wu Jian Council.
   179 | D        | Found a shimmering altar of Xom.
   180 | D        | Found a basalt altar of Yredelemnul.
   181 | D        | Found a glowing silver altar of Zin.
   182 | D        | Found a glowing golden altar of the Shining One.
   592 | D        | Noticed a wraith
   592 | D        | Noticed an ice beast
   592 | D        | Noticed a water moccasin
   600 | D        | Killed a wraith
   600 | D        | Reached skill level 7 in Fighting
   600 | D        | Reached XP level 6. HP: 23/66 MP: 5/8
   610 | D        | Reached * piety under Cheibriados
   615 | D        | Reached ** piety under Cheibriados
   624 | D        | Killed an ice beast
   624 | D        | Reached XP level 7. HP: 38/73 MP: 10/10
   627 | D        | Reached *** piety under Cheibriados
   627 | D        | Reached skill level 8 in Fighting
   627 | D        | Reached skill level 5 in Invocations
   996 | D        | Noticed a shadow
   996 | D        | Noticed a wyvern
   996 | D        | Noticed a hungry ghost
   996 | D        | Noticed a gargoyle
   999 | D        | Killed a shadow
   999 | D        | Reached **** piety under Cheibriados
  1000 | D        | Killed a wyvern
  1000 | D        | Reached XP level 8. HP: 82/82 MP: 10/12
  1020 | D        | Killed a gargoyle
  1020 | D        | Reached ***** piety under Cheibriados
  1020 | D        | Reached skill level 9 in Fighting
  1342 | D        | Noticed a spiny frog
  1342 | D        | Noticed a spiny frog
  1342 | D        | Noticed a hippogriff
  1342 | D        | Noticed a komodo dragon
  1351 | D        | Killed a spiny frog
  1354 | D        | Reached XP level 9. HP: 90/93 MP: 13/15
  1360 | D        | Killed a spiny frog
  1360 | D        | Reached skill level 10 in Fighting
  1373 | D        | Reached ****** piety under Cheibriados
  1382 | D        | Noticed a spiny frog
  1385 | D        | Slain by a komodo dragon

Levels and vault maps discovered:
D:        linesprint [early_d, line_temple, items_1, d_10, items_2, lair_1,
          lair_end, items_3, orc_1, orc_end, items_4, d_15, swamp_1, shoals_1,
          snake_1, spider_1, d_20, vaults_1, items_5, swamp_end, shoals_end,
          snake_end, spider_end, vaults_end, d_27, items_6, zot_1, zot_end,
          crypt_end, forest_end, elf_end, slime_end, tomb_end, abyss_end,
          pan_hell_end]

Skill      XL: |  1  2  3  4  5  6  7  8  9 |
---------------+----------------------------+-----
Fighting       | 4 6 7 8 9 10 | 10.1
Axes           | 3 4 5 6 7 8 9 |  9.9
Armour         | 3 4 5 6 7 8 |  8.6
Shields        | 3 4 5 6 7 8 |  8.6
Invocations    | 3 4 6 8 |  8.7

Action                   |  1- 3 |  4- 6 |  7- 9 || total
-------------------------+-------+-------+-------++-------
Melee: War axe           |    22 |    57 |    58 ||   137
Invok: Slouch            |       |       |     1 ||     1
  Use: Potion            |     1 |     3 |     1 ||     5
       Scroll            |       |       |     2 ||     2
  Eat: Ration            |       |       |     1 ||     1
Armor: Scale mail        |     6 |     8 |       ||    14
       Chain mail        |       |    18 |    26 ||    44
Dodge: Dodged            |     6 |    14 |    12 ||    32
Block: Shield            |     6 |    30 |    41 ||    77
